 Dungeon Crawl Stone Soup version 0.23-a0-370-gf497b7c (webtiles) character file.

49 lemonriz the Ruffian (level 3, -1/29 HPs)
             Began as a Draconian Transmuter on Oct 24, 2018.
             Slain by an orc wizard
             ... wielding a +0 dagger
              (5 damage)
             ... on level 3 of the Dungeon.
             The game lasted 00:02:58 (1762 turns).

lemonriz the Ruffian (Draconian Transmuter)         Turns: 1762, Time: 00:02:58

Health: -1/29      AC:  2    Str: 12    XL:     3   Next: 53%
Magic:  4/6        EV: 19    Int: 14    God:
Gold:   143        SH:  0    Dex: 16    Spells: 0/6 levels left

rFire    . . .     SeeInvis .     - Unarmed
rCold    . . .     Gourm    +   (shield currently unavailable)
rNeg     . . .     Faith    .   (armour unavailable)
rPois    x         Spirit   .   (helmet currently unavailable)
rElec    .         Reflect  .   (cloak currently unavailable)
rCorr    .         Harm     .   (gloves currently unavailable)
MR       .....                  (boots currently unavailable)
Stlth    +.........             r - amulet of the gourmand
HPRegen  0.09/turn              (no ring)
MPRegen  0.10/turn              (no ring)

@: confused, spider-form (expiring)
A: tiny, unfitting armour, AC +5
a: End Transformation


You were on level 3 of the Dungeon.
You were not hungry.
You were a venomous arachnid creature.
You visited 1 branch of the dungeon, and saw 3 of its levels.

You collected 143 gold pieces.

Inventory:

Hand Weapons
 o - a +2 great sword of slicing
Missiles
 a - 81 arrows
Armour
 b - a +0 pair of gloves (melded)
 h - a +0 buckler
Jewellery
 r - an amulet of the gourmand (around neck)
Scrolls
 d - 6 scrolls of remove curse {unknown}
 f - a scroll of blinking {unknown}
 j - 3 scrolls of enchant armour {unknown}
 n - a scroll of noise {unknown}
 p - a scroll of identify {unknown}
 q - a scroll of enchant weapon {unknown}
 t - a scroll of amnesia {unknown}
Potions
 e - a potion of cancellation {unknown}
 g - 2 potions of degeneration {unknown}
 i - a potion of flight {unknown}
 k - 2 potions of curing {unknown}
 l - a potion of agility {unknown}
 m - 2 potions of haste {unknown}
Comestibles
 c - 10 rations


   Skills:
 + Level 2.1 Fighting
 - Level 1.7 Dodging
 + Level 3.4 Unarmed Combat
 - Level 2.0 Spellcasting
 * Level 3.1 Transmutations


You couldn't memorise any spells.
You knew the following spells:

 Your Spells              Type           Power        Failure   Level  Hunger
a - Beastly Appendage     Tmut           ##....       19%         1    ##.....
b - Sticks to Snakes      Tmut           ##......     24%         2    ###....
c - Spider Form           Tmut/Pois      #.........   58%         3    ####...

Your spell library contained the following spells:

 Spells                   Type           Power        Failure   Level  Hunger
 Ice Form                 Ice/Tmut       #.......     90%         4    #####..
 Blade Hands              Tmut           ##........   96%         5    ######.


Dungeon Overview and Level Annotations

Branches:
Dungeon (3/15)

Altars:


Innate Abilities, Weirdness & Mutations

((Your plain brown scales are hard. (AC +5)))
You cannot fit into any form of body armour.
((You are cold-blooded and may be slowed by cold attacks.))


Message History

You hit the orc wizard but do no damage.
The orc wizard barely misses you. The orc misses you.
You hit the orc wizard.
The orc wizard is lightly wounded.
The orc wizard mumbles some strange words.
The orc wizard flickers and vanishes!
Deactivating autopickup; reactivate with Ctrl-A.
The orc misses you.
The orc priest casts a cantrip, but nothing happens.
You closely miss something. Something hits you. The orc closely misses you.
You hit something.
You hear some strange, mumbled words.
You are confused.
The orc barely misses you.
You miss something.
The orc priest mumbles some strange prayers to Beogh against you.
Beogh smites you! Something hits you. The orc hits you with a +0 short sword.
* * * LOW HITPOINT WARNING * * *
You miss something. Something hits you.
You die...

...... ..... ###
.... ..# #####..#
#.# ...#..# #.#
#.#..#### #o#
#.......# #o#
.###....##.# #{#
.........#.###s#
##.##.........o###
.
##<###..........#
#.# ############
#.# #.# #.# #.#
#.#


You could see 2 orc priests and an orc.

Vanquished Creatures
  An adder (D:2)
  2 dart slugs (D:1)
  A leopard gecko (D:1)
  A giant cockroach (D:2)
  6 goblins
  7 hobgoblins
  7 bats
  A frilled lizard (D:2)
  4 kobolds
  3 rats (D:1)
33 creatures vanquished.

Notes
Turn   | Place    | Note
-------+----------+-------------------------------------------
     0 | D:1      | lemonriz the Draconian Transmuter began the quest for the
                  | Orb.
     0 | D:1      | Reached XP level 1. HP: 16/16 MP: 3/3
   104 | D:1      | Reached XP level 2. HP: 15/23 MP: 5/5
   115 | D:1      | Learned a level 2 spell: Sticks to Snakes
  1154 | D:2      | Reached XP level 3. HP: 29/29 MP: 6/6
  1159 | D:2      | Learned a level 3 spell: Spider Form
  1762 | D:3      | Slain by an orc wizard

Vault maps used:
D:1:      dpeg_arrival_rhombus, chequers_serial_rivers_room_a
D:2:      first_ration
D:3:      uniq_terence

Skill      XL: |  1  2  3 |
---------------+----------+-----
Fighting       | 2 |  2.1
Transmutations | 3 |  3.1
Dodging        | |  1.7
Unarmed Combat | |  3.4
Spellcasting   | |  2.0

Action                   || total
-------------------------++-------
Melee: Unarmed           ||    98
       Tailslap          ||     6
       Punch             ||     2
       Great sword       ||    22
 Cast: Sticks to Snakes  ||     1
       Spider Form       ||     1
 Stab: Sleeping          ||     5
  Eat: Chunk             ||     6
Armor: Skin              ||    29
Dodge: Dodged            ||   102
       Rpst.: Great sword ||    13

Table legend:
 A = Non-vault XP
 B = Vault XP
 C = Vault XP percentage of total XP
 D = Non-vault monster count
 E = Vault monster count
 F = Vault count percentage of total count
                 A         B        C        D         E       F
            +---------+---------+-------+---------+---------+-------
      Total |      71 |       0 |   0.0 |      33 |       0 |   0.0
            +---------+---------+-------+---------+---------+-------
        D:1 |      37 |       0 |   0.0 |      20 |       0 |   0.0
        D:2 |      34 |       0 |   0.0 |      13 |       0 |   0.0
            +---------+---------+-------+---------+---------+-------
